WASHINGTON vs EDMONTON

Created - February-03-21 at 14:17

Goals
1 2 3 T
WASHINGTON 2 1 1 4
EDMONTON 1 0 1 2
Shots
1 2 3 T
WASHINGTON 12 8 14 34
EDMONTON 4 4 11 19

1st period

1. EDMONTON , Jakub Voracek 4 (Bryan Rust 5, Derek Forbort 3) at 13:10
2. WASHINGTON , Brendan Gallagher 5 (Damon Severson 12, Clayton Keller 8) at 13:42
3. WASHINGTON , Blake Wheeler 5 (Ryan O'Reilly 9, Brayden Schenn 6) at 18:33 (PP)

Penalties :
Bryan Rust (EDM) for Hooking (Minor) at 9:09, Derek Forbort (EDM) for Slashing (Minor) at 18:07

2nd period

4. WASHINGTON , Jujhar Khaira 4 (Cal Clutterbuck 5, Victor Hedman 7) at 5:49

Penalties :
Cale Fleury (WSH) for Tripping (Minor) at 10:18, Justin Holl (EDM) for Interference (Minor) at 12:37

3rd period

5. EDMONTON , David Perron 7 (Travis Hamonic 11, Bryan Rust 6) at 6:37 (PP)
6. WASHINGTON , Ryan O'Reilly 7 (Blake Wheeler 9, Victor Mete 6) at 19:46

Penalties :
Kyle Palmieri (EDM) for Roughing (Minor) at 1:18, Blake Wheeler (WSH) for Hooking (Minor) at 3:02, Cal Clutterbuck (WSH) for Roughing (Minor) at 5:37, Barclay Goodrow (EDM) for Slashing (Minor) at 6:56

Goalie Stats

Carter Hart (WSH), 17 saves from 19 shots - (0.895), W, 2-1-1, 60:00 minutes
Darcy Kuemper (EDM), 30 saves from 34 shots - (0.882), L, 10-5-2, 60:00 minutes

Players Stats for WASHINGTON

Player Name              G  A  P  +/- PIM S  H  SB GA TA FO     MP     PP MP  PK MP  
------------------------------------------------------------------------------------
Blake Wheeler            1  1  2   0  2   4  2  0  0  0  0/1    21:29   4:22   2:14 
Brayden Schenn           0  1  1  -1  0   6  2  0  0  0  0/0    18:52   4:23   0:00 
Brendan Gallagher        1  0  1   1  0   4  1  1  0  0  0/3    18:14   3:44   0:00 
Cal Clutterbuck          0  1  1   1  2   1  2  0  0  0  0/0    13:09   0:00   1:08 
Cale Fleury              0  0  0   1  2   0  3  1  0  0  0/0    13:51   0:00   0:00 
Casey Cizikas            0  0  0   2  0   3  1  0  0  0  7/13   13:19   0:00   0:38 
Christian Fischer        0  0  0   0  0   0  1  0  0  0  0/0     5:30   0:00   0:00 
Clayton Keller           0  1  1   1  0   1  0  0  0  0  0/1    18:14   3:44   0:00 
Damon Severson           0  1  1   1  0   2  1  0  0  0  0/0    24:44   6:10   2:24 
Dylan DeMelo             0  0  0   1  0   2  1  0  0  0  0/0    19:25   1:34   2:39 
Jeff Carter              0  0  0   1  0   1  1  0  0  0  10/20  19:04   3:44   0:50 
Jujhar Khaira            1  0  1   1  0   3  1  0  0  0  0/1    12:02   0:00   0:00 
Luke Glendening          0  0  0   0  0   1  0  0  0  0  2/6     6:08   0:00   0:38 
Ryan Graves              0  0  0   0  0   2  0  0  0  0  0/0    22:57   3:45   2:04 
Ryan O'Reilly            1  1  2   0  0   2  0  0  0  0  15/29  23:09   4:23   3:38 
Sam Bennett              0  0  0   0  0   0  0  0  0  0  0/1     5:50   0:00   0:20 
Victor Hedman            0  1  1   0  0   2  0  1  0  0  0/0    25:10   4:45   2:19 
Victor Mete              0  1  1   1  0   0  1  0  0  0  0/0    13:52   0:00   0:00 

Players Stats for EDMONTON

Player Name              G  A  P  +/- PIM S  H  SB GA TA FO     MP     PP MP  PK MP  
------------------------------------------------------------------------------------
Anze Kopitar             0  0  0   0  0   1  1  0  0  0  17/27  21:06   2:35   5:05 
Barclay Goodrow          0  0  0  -2  2   2  0  0  0  0  2/3    12:19   0:37   0:49 
Bryan Rust               0  2  2   0  2   1  1  0  0  0  0/1    15:37   1:31   0:00 
Colin Miller             0  0  0   1  0   0  0  2  0  0  0/0    20:06   1:49   3:20 
Colton Sissons           0  0  0  -2  0   2  0  0  0  0  8/13   11:31   0:37   0:00 
Darren Helm              0  0  0   0  0   1  0  0  0  0  0/1     9:35   0:46   0:06 
David Perron             1  0  1   0  0   5  1  1  0  0  0/0    18:15   2:08   2:56 
Derek Forbort            0  1  1   1  2   0  0  0  0  0  0/0    15:27   0:00   0:00 
Jakub Voracek            1  0  1   0  0   2  0  0  0  0  0/2    21:16   1:49   5:05 
Jason Demers             0  0  0  -3  0   0  1  0  0  0  0/0    21:35   1:50   3:26 
Josh Archibald           0  0  0   0  0   0  0  0  0  0  0/0     8:43   0:00   0:00 
Justin Holl              0  0  0   0  2   1  1  0  0  0  0/0    16:56   0:46   0:02 
Kyle Palmieri            0  0  0   0  2   3  1  0  0  0  2/5    17:58   2:35   2:13 
Mathieu Perreault        0  0  0   0  0   0  0  1  0  0  4/10    8:43   0:00   0:00 
Matt Roy                 0  0  0  -3  0   0  1  1  0  0  0/0    22:57   2:08   4:45 
Michael Raffl            0  0  0  -2  0   1  0  0  0  0  0/1    10:54   0:00   0:00 
Travis Hamonic           0  1  1   0  0   0  1  7  0  0  0/0    22:57   2:53   4:41 
Tyler Johnson            0  0  0   0  0   0  0  0  0  0  8/12   15:38   1:31   0:00 

3 Stars

1 - Ryan O'Reilly (WSH)
2 - Brendan Gallagher (WSH)
3 - Jujhar Khaira (WSH)

Power Play

WASHINGTON - 1 on 5 Attempt(s) - 20.00%
EDMONTON - 1 on 3 Attempt(s) - 33.33%

Penalty Kill

WASHINGTON - 2 on 3 Attempt(s) - 66.67% - Score 0 goal in Penalty Kill
EDMONTON - 4 on 5 Attempt(s) - 80.00% - Score 0 goal in Penalty Kill

Team Stat

WASHINGTON - Hits : 17 - Faceoff Wins : 34 - Blocked Shots : 3 - Penalty Minutes : 6
EDMONTON - Hits : 8 - Faceoff Wins : 41 - Blocked Shots : 12 - Penalty Minutes : 10

Official

Referees : Jim Curtin and Sean MacFarlane
Linesman : Derek Nansen and Matt MacPherson

Game Notes

No Game Note

Finance

Level 1 -- Attendance: 4152 (69.20%) -- Ticket Income $415,200
Level 2 -- Attendance: 3799 (75.98%) -- Ticket Income $227,940
Level 3 -- Attendance: 2000 (100.00%) -- Ticket Income $70,000
Level 4 -- Attendance: 4000 (100.00%) -- Ticket Income $80,000
Luxury Box -- Attendance: 674 (67.40%) -- Ticket Income $134,800
Game was played at the Rogers Place.
Total Attendance: 14625 (81.25%)
Total Ticket Income: $927,940
Total Income: $927,940

WASHINGTON

5 vs 5 Forward 
   Center                   Left Wing                Right Wing               Time % Phy DF OF 
 1 Ryan O'Reilly            Brayden Schenn           Blake Wheeler            35     1   2  2  
 2 Jeff Carter              Clayton Keller           Brendan Gallagher        30     1   1  3  
 3 Casey Cizikas            Jujhar Khaira            Cal Clutterbuck          25     2   2  1  
 4 Luke Glendening          Christian Fischer        Sam Bennett              10     2   2  1  

5 vs 5 Defense 
   Defense                  Defense                                           Time % Phy DF OF 
 1 Victor Hedman            Ryan Graves                                       45     1   2  2  
 2 Damon Severson           Dylan DeMelo                                      36     1   2  2  
 3 Victor Mete              Cale Fleury                                       10     1   3  1  
 4 Victor Hedman            Damon Severson                                    9      1   1  3  

PowerPlay Forward 
   Center                   Left Wing                Right Wing               Time % Phy DF OF 
 1 Ryan O'Reilly            Brayden Schenn           Blake Wheeler            60     1   1  3  
 2 Jeff Carter              Clayton Keller           Brendan Gallagher        40     1   1  3  

PowerPlay Defense
   Defense                  Defense                                           Time % Phy DF OF 
 1 Victor Hedman            Damon Severson                                    60     1   1  3  
 2 Ryan Graves              Damon Severson                                    40     1   1  3  

Penalty Kill 4 Players Forward 
   Center                   Wing                     Time % Phy DF OF 
 1 Ryan O'Reilly            Blake Wheeler            60     1   3  1  
 2 Luke Glendening          Casey Cizikas            40     1   3  1  

Penalty Kill 4 Players Defense
   Defense                  Defense                  Time % Phy DF OF 
 1 Victor Hedman            Ryan Graves              60     1   3  1  
 2 Damon Severson           Dylan DeMelo             40     1   3  1  

Penalty Kill - 3 Players Forward 
   Forward                                           Time % Phy DF OF 
 1 Ryan O'Reilly                                     60     0   5  0  
 2 Luke Glendening                                   40     0   5  0  

Penalty Kill - 3 Players Defense
   Defense                  Defense                  Time % Phy DF OF 
 1 Victor Hedman            Ryan Graves              60     0   5  0  
 2 Damon Severson           Dylan DeMelo             40     0   5  0  

4 vs 4 Forward 
   Center                   Wing                     Time % Phy DF OF 
 1 Ryan O'Reilly            Blake Wheeler            60     1   2  2  
 2 Jeff Carter              Brayden Schenn           40     1   2  2  

4 vs 4 Defense
   Defense                  Defense                  Time % Phy DF OF 
 1 Victor Hedman            Ryan Graves              60     1   2  2  
 2 Damon Severson           Dylan DeMelo             40     1   2  2  

Last Minutes Offensive
   Center                   Left Wing                Right Wing               Defense                  Defense                  
   Ryan O'Reilly            Brayden Schenn           Blake Wheeler            Victor Hedman            Damon Severson           

Last Minutes Defensive
   Center                   Left Wing                Right Wing               Defense                  Defense                  
   Ryan O'Reilly            Casey Cizikas            Blake Wheeler            Victor Hedman            Ryan Graves              

Goaltenders
Starting : Carter Hart              
Backup : Semyon Varlamov          

Extra Forwards
Normal : Blake Wheeler, Ryan O'Reilly, Brayden Schenn - PP : Casey Cizikas, Sam Bennett - PK : Cal Clutterbuck
Extra Defensemen
Normal : Victor Hedman, Damon Severson, Ryan Graves - PP : Victor Hedman - PK : Victor Hedman, Ryan Graves
Penalty Shots
Blake Wheeler, Ryan O'Reilly, Casey Cizikas, Victor Hedman, Damon Severson

Scratches
WSH Cap Hit (Suspend), Martin Frk (Healthy)

EDMONTON

5 vs 5 Forward 
   Center                   Left Wing                Right Wing               Time % Phy DF OF 
 1 Anze Kopitar             David Perron             Kyle Palmieri            35     1   2  2  
 2 Tyler Johnson            Bryan Rust               Jakub Voracek            30     1   2  2  
 3 Colton Sissons           Michael Raffl            Barclay Goodrow          23     1   2  2  
 4 Mathieu Perreault        Darren Helm              Josh Archibald           12     1   2  2  

5 vs 5 Defense 
   Defense                  Defense                                           Time % Phy DF OF 
 1 Travis Hamonic           Justin Holl                                       33     1   2  2  
 2 Matt Roy                 Jason Demers                                      32     1   2  2  
 3 Colin Miller             Derek Forbort                                     25     1   2  2  
 4 Travis Hamonic           Justin Holl                                       10     1   2  2  

PowerPlay Forward 
   Center                   Left Wing                Right Wing               Time % Phy DF OF 
 1 Anze Kopitar             Jakub Voracek            Kyle Palmieri            60     1   2  2  
 2 Tyler Johnson            David Perron             Bryan Rust               40     1   2  2  

PowerPlay Defense
   Defense                  Defense                                           Time % Phy DF OF 
 1 Travis Hamonic           Matt Roy                                          60     1   2  2  
 2 Jason Demers             Colin Miller                                      40     1   2  2  

Penalty Kill 4 Players Forward 
   Center                   Wing                     Time % Phy DF OF 
 1 Anze Kopitar             Jakub Voracek            60     1   2  2  
 2 Kyle Palmieri            David Perron             40     1   2  2  

Penalty Kill 4 Players Defense
   Defense                  Defense                  Time % Phy DF OF 
 1 Travis Hamonic           Matt Roy                 60     1   2  2  
 2 Colin Miller             Jason Demers             40     1   2  2  

Penalty Kill - 3 Players Forward 
   Forward                                           Time % Phy DF OF 
 1 Anze Kopitar                                      60     1   2  2  
 2 Jakub Voracek                                     40     1   2  2  

Penalty Kill - 3 Players Defense
   Defense                  Defense                  Time % Phy DF OF 
 1 Travis Hamonic           Justin Holl              60     1   2  2  
 2 Matt Roy                 Jason Demers             40     1   2  2  

4 vs 4 Forward 
   Center                   Wing                     Time % Phy DF OF 
 1 Anze Kopitar             Jakub Voracek            60     1   2  2  
 2 Kyle Palmieri            David Perron             40     1   2  2  

4 vs 4 Defense
   Defense                  Defense                  Time % Phy DF OF 
 1 Travis Hamonic           Matt Roy                 60     1   2  2  
 2 Colin Miller             Jason Demers             40     1   2  2  

Last Minutes Offensive
   Center                   Left Wing                Right Wing               Defense                  Defense                  
   Anze Kopitar             Jakub Voracek            Kyle Palmieri            Travis Hamonic           Justin Holl              

Last Minutes Defensive
   Center                   Left Wing                Right Wing               Defense                  Defense                  
   Anze Kopitar             Jakub Voracek            Kyle Palmieri            Travis Hamonic           Justin Holl              

Goaltenders
Starting : Darcy Kuemper            
Backup : Aaron Dell               

Extra Forwards
Normal : Barclay Goodrow, Colton Sissons, Josh Archibald - PP : Barclay Goodrow, Colton Sissons - PK : Barclay Goodrow
Extra Defensemen
Normal : Derek Forbort, Colin Miller, Justin Holl - PP : Justin Holl - PK : Justin Holl, Colin Miller
Penalty Shots
Anze Kopitar, Jakub Voracek, Kyle Palmieri, David Perron, Tyler Johnson

Scratches
EDM Cap Hit (Suspend)

% Time on Ice - WASHINGTON

Lines # - Real PCT - Wanted PCT - Time Play
Normal Forward
1 - 31% - 35% - 14:14
2 - 31% - 30% - 14:30
3 - 26% - 25% - 12:02
4 - 12% - 10% - 5:30
Normal Defense
1 - 36% - 45% - 16:53
2 - 33% - 36% - 15:12
3 - 29% - 10% - 13:13
4 - 2% - 9% - 0:58
PP Forward
1 - 54% - 60% - 4:23
2 - 46% - 40% - 3:44
PP Defense
1 - 61% - 60% - 4:58
2 - 39% - 40% - 3:09
PK Forward
1 - 87% - 60% - 4:05
2 - 13% - 40% - 0:38
PK Defense
1 - 49% - 60% - 2:19
2 - 51% - 40% - 2:24
PK3 Forward
1 - 0% - 60%
2 - 0% - 40%
PK3 Defense
1 - 0% - 60%
2 - 0% - 40%
44 Forward
1 - 100% - 60% - 0:15
2 - 0% - 40% - 0:00
44 Defense
1 - 100% - 60% - 0:15
2 - 0% - 40% - 0:00
Last Minute Offensive  - 0:00
Last Minute Defensive  - 0:39
Total
Forward - 60:00
Defense - 60:00

% Time on Ice - EDMONTON

Lines # - Real PCT - Wanted PCT - Time Play
Normal Forward
1 - 28% - 35% - 13:11
2 - 30% - 30% - 14:07
3 - 23% - 23% - 10:54
4 - 19% - 12% - 8:43
Normal Defense
1 - 30% - 33% - 14:14
2 - 34% - 32% - 16:04
3 - 31% - 25% - 14:42
4 - 4% - 10% - 1:55
PP Forward
1 - 55% - 60% - 2:35
2 - 45% - 40% - 2:08
PP Defense
1 - 74% - 60% - 3:30
2 - 26% - 40% - 1:13
PK Forward
1 - 64% - 60% - 5:11
2 - 36% - 40% - 2:56
PK Defense
1 - 59% - 60% - 4:47
2 - 41% - 40% - 3:20
PK3 Forward
1 - 0% - 60%
2 - 0% - 40%
PK3 Defense
1 - 0% - 60%
2 - 0% - 40%
44 Forward
1 - 100% - 60% - 0:15
2 - 0% - 40% - 0:00
44 Defense
1 - 0% - 60% - 0:00
2 - 100% - 40% - 0:15
Last Minute Offensive  - 0:00
Last Minute Defensive  - 0:00
Total
Forward - 60:00
Defense - 60:00

Play-by-Play

1st period


0:01 of 1st period - Anze Kopitar wins face-off versus Ryan O'Reilly in neutral zone.
1:02 of 1st period - Matt Roy is hit by Jeff Carter and loses puck.
2:00 of 1st period - Shot by Cal Clutterbuck.
2:00 of 1st period - Stopped by Darcy Kuemper without a rebound.
2:01 of 1st period - Mathieu Perreault wins face-off versus Luke Glendening in EDMONTON zone.
2:22 of 1st period - Shot by Sam Bennett.
2:22 of 1st period - Shot Misses the Net.
2:57 of 1st period - Michael Raffl is hit by Brayden Schenn and loses puck.
3:12 of 1st period - Shot by Brayden Schenn.
3:12 of 1st period - Stopped by Darcy Kuemper without a rebound.
3:13 of 1st period - Anze Kopitar wins face-off versus Casey Cizikas in EDMONTON zone.
3:59 of 1st period - Icing by Cal Clutterbuck.
4:00 of 1st period - Casey Cizikas wins face-off versus Michael Raffl in WASHINGTON zone.
4:12 of 1st period - Icing by Michael Raffl.
4:13 of 1st period - Colton Sissons wins face-off versus Jeff Carter in EDMONTON zone.
5:03 of 1st period - Off-side.
5:04 of 1st period - Ryan O'Reilly wins face-off versus Tyler Johnson in neutral zone.
5:31 of 1st period - Shot by Brayden Schenn.
5:31 of 1st period - Shot Blocked by Travis Hamonic.
5:38 of 1st period - Icing by Travis Hamonic.
5:39 of 1st period - Casey Cizikas wins face-off versus Tyler Johnson in EDMONTON zone.
5:48 of 1st period - Shot by Jujhar Khaira.
5:48 of 1st period - Stopped by Darcy Kuemper with a rebound.
7:10 of 1st period - Off-side.
7:11 of 1st period - Colton Sissons wins face-off versus Ryan O'Reilly in neutral zone.
7:31 of 1st period - Shot by Blake Wheeler.
7:31 of 1st period - Shot Blocked by Colin Miller.
7:33 of 1st period - Shot by Ryan O'Reilly.
7:33 of 1st period - Shot Misses the Net.
7:35 of 1st period - Shot by Victor Mete.
7:35 of 1st period - Shot Misses the Net.
7:37 of 1st period - Shot by Blake Wheeler.
7:37 of 1st period - Deflect By Brayden Schenn.
7:37 of 1st period - Shot Hit the Post.
7:39 of 1st period - Shot by Blake Wheeler.
7:39 of 1st period - Shot Misses the Net.
8:50 of 1st period - Icing by Ryan Graves.
8:51 of 1st period - Anze Kopitar wins face-off versus Luke Glendening in WASHINGTON zone.
9:06 of 1st period - Shot by Kyle Palmieri.
9:06 of 1st period - Stopped by Carter Hart without a rebound.
9:07 of 1st period - Tyler Johnson wins face-off versus Jeff Carter in WASHINGTON zone.
9:08 of 1st period - Shot by Bryan Rust.
9:08 of 1st period - Stopped by Carter Hart with a rebound.
9:09 of 1st period - Minor Penalty to Bryan Rust for Hooking.
9:10 of 1st period - Ryan O'Reilly wins face-off versus Anze Kopitar in EDMONTON zone.
9:23 of 1st period - Shot by Brayden Schenn.
9:23 of 1st period - Stopped by Darcy Kuemper without a rebound.
9:24 of 1st period - Jeff Carter wins face-off versus Anze Kopitar in EDMONTON zone.
10:18 of 1st period - Icing by Ryan O'Reilly.
10:19 of 1st period - Ryan O'Reilly wins face-off versus Kyle Palmieri in WASHINGTON zone.
10:28 of 1st period - Shot by Ryan O'Reilly.
10:28 of 1st period - Stopped by Darcy Kuemper without a rebound.
10:29 of 1st period - Jeff Carter wins face-off versus Kyle Palmieri in EDMONTON zone.
10:38 of 1st period - Shot by Clayton Keller.
10:38 of 1st period - Stopped by Darcy Kuemper without a rebound.
10:39 of 1st period - Anze Kopitar wins face-off versus Ryan O'Reilly in EDMONTON zone.
10:39 of 1st period - Anze Kopitar is hit by Blake Wheeler.
10:53 of 1st period - Shot by Ryan Graves.
10:53 of 1st period - Shot Blocked by Colin Miller.
11:25 of 1st period - Shot by Jeff Carter.
11:25 of 1st period - Stopped by Darcy Kuemper without a rebound.
11:26 of 1st period - Mathieu Perreault wins face-off versus Casey Cizikas in EDMONTON zone.
11:35 of 1st period - Shot by Mathieu Perreault.
11:35 of 1st period - Shot Misses the Net.
11:56 of 1st period - Shot by Casey Cizikas.
11:56 of 1st period - Stopped by Darcy Kuemper without a rebound.
11:57 of 1st period - Anze Kopitar wins face-off versus Ryan O'Reilly in EDMONTON zone.
12:26 of 1st period - Shot by David Perron.
12:26 of 1st period - Stopped by Carter Hart with a rebound.
13:10 of 1st period - Shot by Jakub Voracek.
13:10 of 1st period - Goal by Jakub Voracek - WASHINGTON : 0 - EDMONTON : 1.
13:11 of 1st period - Colton Sissons wins face-off versus Brendan Gallagher in neutral zone.
13:42 of 1st period - Shot by Brendan Gallagher.
13:42 of 1st period - Goal by Brendan Gallagher - WASHINGTON : 1 - EDMONTON : 1.
13:43 of 1st period - Tyler Johnson wins face-off versus Jujhar Khaira in neutral zone.
13:47 of 1st period - Jakub Voracek is hit by Cale Fleury and loses puck.
14:09 of 1st period - Tyler Johnson is hit by Victor Mete and loses puck.
14:57 of 1st period - Icing by Derek Forbort.
14:58 of 1st period - Tyler Johnson wins face-off versus Brendan Gallagher in EDMONTON zone.
16:03 of 1st period - Kyle Palmieri is hit by Cale Fleury and loses puck.
16:11 of 1st period - Off-side.
16:12 of 1st period - Colton Sissons wins face-off versus Casey Cizikas in neutral zone.
16:45 of 1st period - Shot by Casey Cizikas.
16:45 of 1st period - Shot Misses the Net.
17:37 of 1st period - Shot by Brayden Schenn.
17:37 of 1st period - Stopped by Darcy Kuemper without a rebound.
17:38 of 1st period - Jeff Carter wins face-off versus Anze Kopitar in EDMONTON zone.
17:56 of 1st period - Shot by Brendan Gallagher.
17:56 of 1st period - Stopped by Darcy Kuemper without a rebound.
17:57 of 1st period - Luke Glendening wins face-off versus Darren Helm in EDMONTON zone.
18:07 of 1st period - Minor Penalty to Derek Forbort for Slashing.
18:08 of 1st period - Ryan O'Reilly wins face-off versus Jakub Voracek in EDMONTON zone.
18:31 of 1st period - Shot by Blake Wheeler.
18:31 of 1st period - Shot Misses the Net.
18:33 of 1st period - Shot by Ryan O'Reilly.
18:33 of 1st period - Deflect By Blake Wheeler.
18:33 of 1st period - Goal by Blake Wheeler - WASHINGTON : 2 - EDMONTON : 1.
18:34 of 1st period - Jeff Carter wins face-off versus Mathieu Perreault in neutral zone.
19:37 of 1st period - Ryan O'Reilly is hit by Kyle Palmieri and loses puck.
Goals for this period are 2 for WASHINGTON vs 1 for EDMONTON.
Shots for this period are 12 for WASHINGTON vs 4 for EDMONTON.

2nd period


0:01 of 2nd period - Kyle Palmieri wins face-off versus Jeff Carter in neutral zone.
1:59 of 2nd period - Victor Hedman is hit by Travis Hamonic and loses puck.
2:33 of 2nd period - Off-side.
2:34 of 2nd period - Luke Glendening wins face-off versus Mathieu Perreault in neutral zone.
2:50 of 2nd period - Shot by Sam Bennett.
2:50 of 2nd period - Shot Blocked by Mathieu Perreault.
2:52 of 2nd period - Shot by Luke Glendening.
2:52 of 2nd period - Shot Misses the Net.
2:59 of 2nd period - Icing by Darren Helm.
3:00 of 2nd period - Mathieu Perreault wins face-off versus Jeff Carter in EDMONTON zone.
4:01 of 2nd period - Shot by Bryan Rust.
4:01 of 2nd period - Shot Misses the Net.
4:29 of 2nd period - Shot by Brayden Schenn.
4:29 of 2nd period - Stopped by Darcy Kuemper without a rebound.
4:30 of 2nd period - Kyle Palmieri wins face-off versus Casey Cizikas in EDMONTON zone.
4:30 of 2nd period - Kyle Palmieri is hit by Cal Clutterbuck.
4:38 of 2nd period - Shot by David Perron.
4:38 of 2nd period - Stopped by Carter Hart with a rebound.
4:44 of 2nd period - Shot by Kyle Palmieri.
4:44 of 2nd period - Shot Misses the Net.
4:46 of 2nd period - Shot by Kyle Palmieri.
4:46 of 2nd period - Stopped by Carter Hart without a rebound.
4:47 of 2nd period - Ryan O'Reilly wins face-off versus Colton Sissons in WASHINGTON zone.
5:35 of 2nd period - Icing by Matt Roy.
5:36 of 2nd period - Casey Cizikas wins face-off versus Colton Sissons in EDMONTON zone.
5:49 of 2nd period - Shot by Cal Clutterbuck.
5:49 of 2nd period - Deflect By Jujhar Khaira.
5:49 of 2nd period - The goal is going for a video replay.
5:49 of 2nd period - The goal is good.
5:49 of 2nd period - Goal by Jujhar Khaira - WASHINGTON : 3 - EDMONTON : 1.
5:50 of 2nd period - Anze Kopitar wins face-off versus Jeff Carter in neutral zone.
6:19 of 2nd period - Shot by Kyle Palmieri.
6:19 of 2nd period - Stopped by Carter Hart without a rebound.
6:20 of 2nd period - Ryan O'Reilly wins face-off versus Tyler Johnson in WASHINGTON zone.
7:56 of 2nd period - Shot by Clayton Keller.
7:56 of 2nd period - Shot Misses the Net.
7:58 of 2nd period - Shot by Clayton Keller.
7:58 of 2nd period - Shot Misses the Net.
8:12 of 2nd period - Shot by Jeff Carter.
8:12 of 2nd period - Shot Misses the Net.
8:16 of 2nd period - Shot by Jeff Carter.
8:16 of 2nd period - Shot Misses the Net.
8:45 of 2nd period - Shot by Dylan DeMelo.
8:45 of 2nd period - Stopped by Darcy Kuemper without a rebound.
8:46 of 2nd period - Anze Kopitar wins face-off versus Ryan O'Reilly in EDMONTON zone.
9:19 of 2nd period - Shot by Brayden Schenn.
9:19 of 2nd period - Deflect By Blake Wheeler.
9:19 of 2nd period - Shot Blocked by David Perron.
9:21 of 2nd period - Shot by Ryan Graves.
9:21 of 2nd period - Shot Blocked by Travis Hamonic.
9:23 of 2nd period - Shot by Ryan Graves.
9:23 of 2nd period - Stopped by Darcy Kuemper without a rebound.
9:24 of 2nd period - Colton Sissons wins face-off versus Casey Cizikas in EDMONTON zone.
9:24 of 2nd period - Colton Sissons is hit by Jujhar Khaira.
9:45 of 2nd period - Michael Raffl is hit by Dylan DeMelo and loses puck.
10:18 of 2nd period - Minor Penalty to Cale Fleury for Tripping.
10:19 of 2nd period - Ryan O'Reilly wins face-off versus Anze Kopitar in WASHINGTON zone.
11:31 of 2nd period - Icing by David Perron.
11:32 of 2nd period - Ryan O'Reilly wins face-off versus Colton Sissons in EDMONTON zone.
11:58 of 2nd period - Icing by Travis Hamonic.
11:59 of 2nd period - Anze Kopitar wins face-off versus Ryan O'Reilly in EDMONTON zone.
12:22 of 2nd period - Shot by Darren Helm.
12:22 of 2nd period - Stopped by Carter Hart without a rebound.
12:23 of 2nd period - Jeff Carter wins face-off versus Mathieu Perreault in WASHINGTON zone.
12:27 of 2nd period - Victor Mete is hit by Justin Holl and loses puck.
12:37 of 2nd period - Minor Penalty to Justin Holl for Interference.
12:38 of 2nd period - Anze Kopitar wins face-off versus Brendan Gallagher in EDMONTON zone.
13:03 of 2nd period - Shot by Damon Severson.
13:03 of 2nd period - Stopped by Darcy Kuemper without a rebound.
13:04 of 2nd period - Ryan O'Reilly wins face-off versus Anze Kopitar in EDMONTON zone.
13:41 of 2nd period - Shot by Blake Wheeler.
13:41 of 2nd period - Stopped by Darcy Kuemper with a rebound.
13:59 of 2nd period - Shot by Brendan Gallagher.
13:59 of 2nd period - Shot Misses the Net.
14:01 of 2nd period - Shot by Dylan DeMelo.
14:01 of 2nd period - Shot Blocked by Travis Hamonic.
14:03 of 2nd period - Shot by Dylan DeMelo.
14:03 of 2nd period - Stopped by Darcy Kuemper without a rebound.
14:04 of 2nd period - Jeff Carter wins face-off versus Kyle Palmieri in EDMONTON zone.
15:37 of 2nd period - Icing by Mathieu Perreault.
15:38 of 2nd period - Ryan O'Reilly wins face-off versus Mathieu Perreault in EDMONTON zone.
15:38 of 2nd period - Ryan O'Reilly is hit by Matt Roy.
15:52 of 2nd period - Shot by Blake Wheeler.
15:52 of 2nd period - Shot Misses the Net.
16:33 of 2nd period - Icing by Dylan DeMelo.
16:34 of 2nd period - Anze Kopitar wins face-off versus Jeff Carter in WASHINGTON zone.
17:32 of 2nd period - Shot by Jakub Voracek.
17:32 of 2nd period - Shot Misses the Net.
18:29 of 2nd period - Victor Hedman is hit by Jason Demers and loses puck.
18:45 of 2nd period - Icing by Matt Roy.
18:46 of 2nd period - Casey Cizikas wins face-off versus Colton Sissons in EDMONTON zone.
18:47 of 2nd period - Shot by Cal Clutterbuck.
18:47 of 2nd period - Shot Misses the Net.
19:07 of 2nd period - Shot by Jujhar Khaira.
19:07 of 2nd period - Stopped by Darcy Kuemper with a rebound.
Goals for this period are 1 for WASHINGTON vs 0 for EDMONTON.
Shots for this period are 8 for WASHINGTON vs 4 for EDMONTON.

3rd period


0:01 of 3rd period - Anze Kopitar wins face-off versus Ryan O'Reilly in neutral zone.
0:03 of 3rd period - Off-side.
0:04 of 3rd period - Ryan O'Reilly wins face-off versus Anze Kopitar in neutral zone.
0:07 of 3rd period - Anze Kopitar is hit by Brayden Schenn.
0:29 of 3rd period - Shot by Blake Wheeler.
0:29 of 3rd period - Stopped by Darcy Kuemper without a rebound.
0:30 of 3rd period - Jeff Carter wins face-off versus Bryan Rust in EDMONTON zone.
0:49 of 3rd period - Shot by Brendan Gallagher.
0:49 of 3rd period - Shot Misses the Net.
1:18 of 3rd period - Minor Penalty to Kyle Palmieri for Roughing.
1:19 of 3rd period - Ryan O'Reilly wins face-off versus Anze Kopitar in EDMONTON zone.
1:20 of 3rd period - Shot by Victor Hedman.
1:20 of 3rd period - Shot Misses the Net.
1:22 of 3rd period - Shot by Victor Hedman.
1:22 of 3rd period - Deflect By Blake Wheeler.
1:22 of 3rd period - Stopped by Darcy Kuemper with a rebound.
1:24 of 3rd period - Shot by Ryan O'Reilly.
1:24 of 3rd period - Shot Misses the Net.
2:13 of 3rd period - Shot by Ryan Graves.
2:13 of 3rd period - Shot Misses the Net.
2:15 of 3rd period - Shot by Dylan DeMelo.
2:15 of 3rd period - Shot Blocked by Travis Hamonic.
2:17 of 3rd period - Shot by Jeff Carter.
2:17 of 3rd period - Deflect By Brendan Gallagher.
2:17 of 3rd period - Stopped by Darcy Kuemper without a rebound.
2:18 of 3rd period - Barclay Goodrow wins face-off versus Ryan O'Reilly in EDMONTON zone.
2:24 of 3rd period - Off-side.
2:25 of 3rd period - Ryan O'Reilly wins face-off versus Barclay Goodrow in neutral zone.
2:36 of 3rd period - Shot by Ryan Graves.
2:36 of 3rd period - Shot Misses the Net.
2:38 of 3rd period - Shot by Victor Hedman.
2:38 of 3rd period - Shot Misses the Net.
2:40 of 3rd period - Shot by Ryan Graves.
2:40 of 3rd period - Stopped by Darcy Kuemper without a rebound.
2:41 of 3rd period - Barclay Goodrow wins face-off versus Jeff Carter in EDMONTON zone.
2:58 of 3rd period - Shot by Victor Hedman.
2:58 of 3rd period - Shot Misses the Net.
3:00 of 3rd period - Shot by Victor Hedman.
3:00 of 3rd period - Stopped by Darcy Kuemper without a rebound.
3:01 of 3rd period - Anze Kopitar wins face-off versus Ryan O'Reilly in EDMONTON zone.
3:01 of 3rd period - Anze Kopitar is hit by Blake Wheeler.
3:02 of 3rd period - Minor Penalty to Blake Wheeler for Hooking.
3:03 of 3rd period - Anze Kopitar wins face-off versus Ryan O'Reilly in WASHINGTON zone.
3:25 of 3rd period - Shot by David Perron.
3:25 of 3rd period - Stopped by Carter Hart without a rebound.
3:26 of 3rd period - Tyler Johnson wins face-off versus Ryan O'Reilly in WASHINGTON zone.
3:36 of 3rd period - Icing by Matt Roy.
3:37 of 3rd period - Tyler Johnson wins face-off versus Ryan O'Reilly in EDMONTON zone.
3:37 of 3rd period - Tyler Johnson is hit by Cal Clutterbuck.
3:40 of 3rd period - Icing by Bryan Rust.
3:41 of 3rd period - Tyler Johnson wins face-off versus Ryan O'Reilly in EDMONTON zone.
5:04 of 3rd period - Shot by Barclay Goodrow.
5:04 of 3rd period - Stopped by Carter Hart with a rebound.
5:16 of 3rd period - Shot by Luke Glendening.
5:16 of 3rd period - Stopped by Darcy Kuemper without a rebound.
5:17 of 3rd period - Casey Cizikas wins face-off versus Mathieu Perreault in EDMONTON zone.
5:28 of 3rd period - Shot by Casey Cizikas.
5:28 of 3rd period - Stopped by Darcy Kuemper with a rebound.
5:36 of 3rd period - Justin Holl is hit by Casey Cizikas and loses puck.
5:37 of 3rd period - Minor Penalty to Cal Clutterbuck for Roughing.
5:38 of 3rd period - Anze Kopitar wins face-off versus Blake Wheeler in WASHINGTON zone.
5:47 of 3rd period - Shot by Anze Kopitar.
5:47 of 3rd period - Shot Misses the Net.
6:37 of 3rd period - Shot by David Perron.
6:37 of 3rd period - Goal by David Perron - WASHINGTON : 3 - EDMONTON : 2.
6:38 of 3rd period - Colton Sissons wins face-off versus Jeff Carter in neutral zone.
6:43 of 3rd period - Shot by Michael Raffl.
6:43 of 3rd period - Stopped by Carter Hart without a rebound.
6:44 of 3rd period - Colton Sissons wins face-off versus Jeff Carter in WASHINGTON zone.
6:56 of 3rd period - Minor Penalty to Barclay Goodrow for Slashing.
6:57 of 3rd period - Jeff Carter wins face-off versus Anze Kopitar in EDMONTON zone.
6:58 of 3rd period - Shot by Victor Hedman.
6:58 of 3rd period - Shot Misses the Net.
7:00 of 3rd period - Shot by Brendan Gallagher.
7:00 of 3rd period - Shot Blocked by Travis Hamonic.
7:02 of 3rd period - Shot by Victor Hedman.
7:02 of 3rd period - Shot Blocked by Travis Hamonic.
7:04 of 3rd period - Shot by Jeff Carter.
7:04 of 3rd period - Shot Misses the Net.
7:06 of 3rd period - Shot by Victor Hedman.
7:06 of 3rd period - Shot Blocked by Travis Hamonic.
7:08 of 3rd period - Shot by Damon Severson.
7:08 of 3rd period - Stopped by Darcy Kuemper without a rebound.
7:09 of 3rd period - Ryan O'Reilly wins face-off versus Anze Kopitar in EDMONTON zone.
7:16 of 3rd period - Shot by Brayden Schenn.
7:16 of 3rd period - Stopped by Darcy Kuemper with a rebound.
7:18 of 3rd period - Shot by Victor Hedman.
7:18 of 3rd period - Stopped by Darcy Kuemper without a rebound.
7:19 of 3rd period - Anze Kopitar wins face-off versus Clayton Keller in EDMONTON zone.
7:56 of 3rd period - Shot by Brendan Gallagher.
7:56 of 3rd period - Stopped by Darcy Kuemper with a rebound.
8:38 of 3rd period - Shot by Blake Wheeler.
8:38 of 3rd period - Shot Misses the Net.
8:40 of 3rd period - Shot by Brayden Schenn.
8:40 of 3rd period - Shot Misses the Net.
8:55 of 3rd period - Shot by Victor Hedman.
8:55 of 3rd period - Shot Misses the Net.
8:58 of 3rd period - Icing by Colin Miller.
8:59 of 3rd period - Colton Sissons wins face-off versus Casey Cizikas in EDMONTON zone.
9:18 of 3rd period - Shot by Barclay Goodrow.
9:18 of 3rd period - Deflect By Colton Sissons.
9:18 of 3rd period - Stopped by Carter Hart without a rebound.
9:19 of 3rd period - Tyler Johnson wins face-off versus Luke Glendening in WASHINGTON zone.
9:52 of 3rd period - Shot by Bryan Rust.
9:52 of 3rd period - Shot Blocked by Victor Hedman.
10:08 of 3rd period - Shot by Barclay Goodrow.
10:08 of 3rd period - Stopped by Carter Hart without a rebound.
10:09 of 3rd period - Mathieu Perreault wins face-off versus Ryan O'Reilly in WASHINGTON zone.
10:09 of 3rd period - Mathieu Perreault is hit by Damon Severson.
11:15 of 3rd period - Shot by David Perron.
11:15 of 3rd period - Stopped by Carter Hart without a rebound.
11:16 of 3rd period - Casey Cizikas wins face-off versus Jakub Voracek in WASHINGTON zone.
11:31 of 3rd period - Shot by Casey Cizikas.
11:31 of 3rd period - Deflect By Cal Clutterbuck.
11:31 of 3rd period - Shot Misses the Net.
12:36 of 3rd period - Shot by Brayden Schenn.
12:36 of 3rd period - Stopped by Darcy Kuemper without a rebound.
12:37 of 3rd period - Jeff Carter wins face-off versus Colton Sissons in EDMONTON zone.
12:52 of 3rd period - Shot by Colton Sissons.
12:52 of 3rd period - Stopped by Carter Hart without a rebound.
12:53 of 3rd period - Ryan O'Reilly wins face-off versus Mathieu Perreault in WASHINGTON zone.
13:23 of 3rd period - Shot by Josh Archibald.
13:23 of 3rd period - Shot Blocked by Cale Fleury.
13:53 of 3rd period - Shot by Kyle Palmieri.
13:53 of 3rd period - Shot Hit the Post.
13:55 of 3rd period - Shot by Anze Kopitar.
13:55 of 3rd period - Shot Blocked by Brendan Gallagher.
13:57 of 3rd period - Shot by Anze Kopitar.
13:57 of 3rd period - Stopped by Carter Hart without a rebound.
13:58 of 3rd period - Tyler Johnson wins face-off versus Luke Glendening in WASHINGTON zone.
14:12 of 3rd period - Shot by Tyler Johnson.
14:12 of 3rd period - Deflect By Jakub Voracek.
14:12 of 3rd period - Stopped by Carter Hart without a rebound.
14:13 of 3rd period - Jeff Carter wins face-off versus Anze Kopitar in WASHINGTON zone.
14:27 of 3rd period - Anze Kopitar is hit by Brendan Gallagher and loses puck.
15:04 of 3rd period - Brendan Gallagher is hit by David Perron and loses puck.
16:28 of 3rd period - Shot by Colton Sissons.
16:28 of 3rd period - Shot Misses the Net.
16:58 of 3rd period - Shot by Mathieu Perreault.
16:58 of 3rd period - Shot Misses the Net.
17:33 of 3rd period - Shot by Casey Cizikas.
17:33 of 3rd period - Stopped by Darcy Kuemper without a rebound.
17:34 of 3rd period - Anze Kopitar wins face-off versus Sam Bennett in EDMONTON zone.
17:34 of 3rd period - Anze Kopitar is hit by Christian Fischer.
17:49 of 3rd period - Anze Kopitar is hit by Cale Fleury and loses puck.
17:58 of 3rd period - Shot by David Perron.
17:58 of 3rd period - Shot Misses the Net.
18:00 of 3rd period - Shot by Justin Holl.
18:00 of 3rd period - Stopped by Carter Hart without a rebound.
18:01 of 3rd period - Casey Cizikas wins face-off versus Tyler Johnson in WASHINGTON zone.
18:09 of 3rd period - Shot by Dylan DeMelo.
18:09 of 3rd period - Shot Misses the Net.
18:11 of 3rd period - Shot by Casey Cizikas.
18:11 of 3rd period - Shot Blocked by Matt Roy.
19:01 of 3rd period - Shot by Luke Glendening.
19:01 of 3rd period - Shot Misses the Net.
19:15 of 3rd period - Blake Wheeler is hit by Bryan Rust and loses puck.
19:46 of 3rd period - Shot by Ryan O'Reilly.
19:46 of 3rd period - Goal by Ryan O'Reilly - WASHINGTON : 4 - EDMONTON : 2.
19:47 of 3rd period - Anze Kopitar wins face-off versus Jeff Carter in neutral zone.
19:50 of 3rd period - Ryan Graves is hit by Anze Kopitar and loses puck.
Goals for this period are 1 for WASHINGTON vs 1 for EDMONTON.
Shots for this period are 14 for WASHINGTON vs 11 for EDMONTON.